 Dungeon Crawl Stone Soup version 0.22.0-49-gab54619 (webtiles) character file.

14611 Merlin the Cleaver (level 12, -12/110 HPs)
             Began as a Hill Orc Monk on Sept 7, 2018.
             Was a High Priest of Beogh.
             Mangled by an orc warlord
             ... wielding a +0 great mace
              (34 damage)
             ... on level 2 of the Orcish Mines.
             The game lasted 01:22:14 (9672 turns).

Merlin the Cleaver (Hill Orc Monk)                  Turns: 9672, Time: 01:22:14

Health: -12/110    AC: 13    Str: 17    XL:     12   Next: 18%
Magic:  13/13      EV: 16    Int: 14    God:    Beogh [*****.]
Gold:   712        SH:  0    Dex: 20    Spells: 11/11 levels left

rFire    . . .     SeeInvis .   w - +3 hand axe (freeze)
rCold    + . .     Gourm    +   (no shield)
rNeg     . . .     Faith    .   P - +1 leather armour of Veuphep {+Fly rElec Int+3 Stlth+} (curse)
rPois    .         Spirit   .   y - +2 hat
rElec    +         Reflect  .   u - +2 cloak
rCorr    .         Harm     .   F - +1 pair of gloves
MR       .....     Clarity  +   (no boots)
Stlth    ++++......             D - amulet "Suiciokh" {Gourm Dex+4}
HPRegen  0.68/turn              S - ring of protection from cold
MPRegen  0.13/turn              (no ring)

@: berserk cooldown, slowed, drained, invisible, very slow
A: walk on water, agile 1, blurry vision 1, clarity, regeneration 1
a: Smiting, Recall Orcish Followers, Give Item to Named Follower, Renounce
Religion, Evoke Flight


You were on level 2 of the Orcish Mines.
You worshipped Beogh.
Beogh was extremely pleased with you.
You were very full.

You visited 3 branches of the dungeon, and saw 14 of its levels.
You also visited: Ice Cave.

You collected 915 gold pieces.
You spent 203 gold pieces at shops.

Inventory:

Hand Weapons
 a - a +0 hand axe
 q - a +0 long sword
 w - a +3 hand axe of freezing (weapon)
 E - a +0 dire flail of holy wrath
 H - a +1 shortbow of flaming
 J - a +0 war axe
 O - a +0 glaive of electrocution
Missiles
 m - 11 tomahawks (quivered)
 p - 8 javelins
 I - 126 arrows
Armour
 b - a +0 robe
 g - a +1 helmet
 i - a +0 troll leather armour
 u - a +2 cloak (worn)
 v - a +1 scale mail
 y - a +2 hat (worn)
 F - a +1 pair of gloves (worn)
 P - the cursed +1 leather armour of Veuphep (worn) {+Fly rElec Int+3 Stlth+}
   (You bought it in a shop on level 10 of the Dungeon)

   It affects your intelligence (+3).
   It insulates you from electricity.
   It lets you fly.
   It makes you more stealthy.
   It has a curse placed upon it.
 R - a +0 cloak of poison resistance
Magical Staves
 L - an uncursed staff of poison {unknown}
 M - an uncursed staff of air
Jewellery
 d - an uncursed amulet of rage
 r - an uncursed ring of fire
 D - the amulet "Suiciokh" (around neck) {Gourm Dex+4}
   (You found it on level 4 of the Dungeon)

   [amulet of the gourmand]

   It allows you to eat raw meat even when not hungry.
   It affects your dexterity (+4).
 S - a ring of protection from cold (left hand)
Wands
 s - a wand of flame (51)
 Q - a wand of iceblast (10)
 V - a wand of acid (9)
Scrolls
 e - 2 scrolls of amnesia
 k - 2 scrolls of teleportation
 l - a scroll of random uselessness {unknown}
 n - 3 scrolls of remove curse
 t - 3 scrolls of fear
 A - a scroll of magic mapping
 B - 2 scrolls of blinking {unknown}
 G - a scroll of immolation
 K - 2 scrolls of holy word
 N - a scroll of summoning {unknown}
 U - 2 scrolls of identify
 W - a scroll of enchant weapon
Potions
 f - a potion of curing
 h - 4 potions of mutation
 j - 3 potions of might
 o - 3 potions of agility
 x - a potion of berserk rage
 z - 3 potions of flight
 C - 2 potions of resistance
Comestibles
 c - 21 rations


   Skills:
 + Level 11.1(10.4) Fighting
 + Level 14.5(13.7) Axes
 + Level 1.5(1.0) Bows
 + Level 0.6(0.0) Throwing
 + Level 9.5(8.8) Armour
 + Level 6.2(5.6) Dodging
 + Level 5.4(4.8) Stealth
 + Level 2.4(1.8) Invocations
 + Level 1.7(1.1) Evocations


You had 11 spell levels left.
You didn't know any spells.
Your spell library contained the following spells:

 Spells                   Type           Power        Failure   Level  Hunger
 Animate Skeleton         Necr           N/A          32%         1    ##.....
 Apportation              Tloc           #.....       32%         1    ##.....
 Confusing Touch          Hex            #.....       32%         1    ##.....
 Corona                   Hex            #......      32%         1    ##.....
 Flame Tongue             Conj/Fire      #....        32%         1    ##.....
 Summon Small Mammal      Summ           #...         32%         1    ##.....
 Ensorcelled Hibernation  Hex/Ice        #.....       45%         2    ###....
 Poisonous Vapours        Pois/Air       #.....       45%         2    ###....
 Throw Flame              Conj/Fire      #.....       45%         2    ###....
 Confuse                  Hex            #.......     69%         3    ####...
 Conjure Flame            Conj/Fire      #.......     69%         3    ####...
 Dazzling Spray           Conj/Hex       #.....       69%         3    ####...
 Ignite Poison            Fire/Tmut/Pois #.......     69%         3    ####...
 Inner Flame              Hex/Fire       #.......     69%         3    ####...
 Mephitic Cloud           Conj/Pois/Air  #.......     69%         3    ####...
 Tukima's Dance           Hex            #.......     69%         3    ####...
 Cause Fear               Hex            #.........   97%         4    #####..
 Sticky Flame             Conj/Fire      #.......     97%         4    #####..
 Fireball                 Conj/Fire      #.........   100%        5    ######.
 Silence                  Hex/Air        #.........   100%        5    ######.
 Yara's Violent Unravell  Hex/Tmut       #.........   100%        5    ######.
 Bolt of Fire             Conj/Fire      #.........   100%        6    #######
 Deflect Missiles         Chrm/Air       #.........   100%        6    #######
 Freezing Cloud           Conj/Ice/Air   #.........   100%        6    #######
 Ring of Flames           Chrm/Fire      #.........   100%        7    #######
 Discord                  Hex            #.........   100%        8    #######
 Ignition                 Fire           #.........   100%        8    #######


Dungeon Overview and Level Annotations

Branches:
Dungeon (11/15)            Temple (1/1) D:4            Lair (0/6) D:11
    Orc (2/2) D:11            Elf (0/3) Orc:2

Altars:
Ashenzari
Cheibriados
Dithmenos
Elyvilon
Fedhas
Gozag
Hepliaklqana
Kikubaaqudgha
Makhleb
Nemelex Xobeh
Okawaru
Qazlal
Ru
Sif Muna
Trog
Uskayaw
Vehumet
Wu Jian
Xom
Yredelemnul
Zin
The Shining One

Shops:
D:10 [


Innate Abilities, Weirdness & Mutations

You can walk on water.
You are agile. (Dex +2)
Scrolls take you a little longer to read.
You possess an exceptional clarity of mind.
Your natural rate of healing is unusually fast.


Message History

Your orc completely misses the orc warrior.
The orc warrior hits your orc with a vampiric glaive.
Okay, then.
You fade into invisibility!
The orc no longer looks unusually strong.
The orc warrior no longer looks unusually strong. x2
Wargrak barely misses the orange demon.
Wargrak hits the orc with an uncursed hand axe.
Wargrak hits the rust devil with an uncursed hand axe.
Your orc barely misses the orc warrior.
Your orc priest hits the orange demon but does no damage.
The orc hits Wargrak with a flail.
The orange demon barely misses your orc priest.
The orange demon hits your orc priest!
Bogrim hits the orc warrior with a war axe!!
The orc warrior surrenders.
The orc high priest mumbles some strange prayers to Beogh.
The orc warlord hits you with a great mace!!
You die...
Beogh appreciates the orc warlord's killing of a heretic priest.

........# ... ..
...(....######o..
...##..).o.#.....o..
....#.....o)#o..(.o..
#........[ooo4o.(.o...
...........ooo)o[.)...
##..........o.((o).....
#....#.....4.4oo43.o...
##........@o.oo(o[.....
#.............#o.......
#.....$..(....#........
#...........#######...
##.....[....#.# ..
#.............# .
##............#
##....$.....##
##...........#


You could see an orc warlord, 3 orc knights, 2 orc high priests, a sun demon, 2
orange demons, 2 rust devils, an orc sorcerer, 3 orc warriors, an orc, a
friendly orc knight, a friendly orc warrior, the friendly Bogrim the orc
warrior, the friendly Orbeogh the orc warrior, 2 friendly orc priests, the
friendly Wargrak the orc priest and 2 friendly orcs.

Vanquished Creatures
  An orc high priest (Orc:2)
  Pikel (D:6)
  A manticore (D:11)
  A hornet (D:7)
  A troll (D:10)
  A hippogriff (D:11)
  A vampire (D:11)
  5 yaks
  Sigmund (D:6)
  A human (D:7)
  4 hogs (D:7)
  2 wargs
  Edmund (D:5)
  A soldier ant (D:11)
  A black bear (D:7)
  A sky beast (D:9)
  4 orc warriors
  An ice beast (D:5)
  A phantom (D:7)
  7 ogres
  4 centaurs
  A crocodile (D:9)
  3 bullfrogs
  A wyvern zombie (D:8)
  A wyvern skeleton (D:11)
  5 scorpions
  5 killer bees
  A wight (D:11)
  2 howler monkeys
  4 crimson imps
  2 centaur zombies
  A bullfrog zombie (D:7)
  A quasit (D:6)
  4 hounds
  3 jellies
  Crazy Yiuf (D:6)
  A centaur skeleton (D:5)
  8 orc wizards
  2 bullfrog skeletons (D:6)
  4 orc priests
  Jessica (D:3)
  4 iguanas
  6 worker ants
  A hound zombie (D:5)
  A hound skeleton (D:6)
  3 gnolls (D:6)
  4 adders
  2 shadow imps
  5 white imps
  5 ufetubi (IceCv)
  An adder zombie (D:9)
  2 dart slugs (D:1)
  3 worms
  8 leopard geckos
  29 orcs
  2 ball pythons
  8 giant cockroaches
  5 goblins
  2 hobgoblins
  6 quokkas
  5 bats
  11 frilled lizards
  4 kobolds
  A quokka zombie (D:6)
  4 rats
214 creatures vanquished.

Vanquished Creatures (collateral kills)
  A stone giant (Orc:2)
  Fannar (D:10)
  Harold (D:11)
  A sixfirhy (D:9)
  An orc knight (Orc:2)
  An orc sorcerer (Orc:1)
  3 ugly things (D:11)
  Maurice (D:9)
  A centaur zombie (D:10)
  2 trolls
  2 hippogriffs
  A shadow (D:11)
  5 yaks
  3 wargs (D:11)
  6 orc warriors
  A black bear (D:9)
  3 ogres
  2 sky beasts (D:11)
  An eye of draining (D:11)
  A bullfrog (D:11)
  A wyvern zombie (D:9)
  4 killer bees (D:11)
  3 scorpions
  3 wights (D:11)
  A crimson imp (D:9)
  A quasit (D:10)
  A bullfrog zombie (D:10)
  4 orc wizards
  2 orc priests
  An iguana (D:10)
  A worker ant (D:9)
  A shadow imp (D:9)
  6 orcs
  2 plants (D:10)
69 creatures vanquished.

Vanquished Creatures (others)
  An orc sorcerer (Orc:2)
  2 orc knights (Orc:1)
  10 orc warriors
  4 orc wizards
  8 orc priests
  A white imp (IceCv)
  3 ufetubi (IceCv)
  26 orcs
55 creatures vanquished.

Grand Total: 338 creatures vanquished

Notes
Turn   | Place    | Note
-------+----------+-------------------------------------------
     0 | D:1      | Merlin the Hill Orc Monk began the quest for the Orb.
     0 | D:1      | Reached XP level 1. HP: 19/19 MP: 1/1
   552 | D:1      | Reached XP level 2. HP: 27/27 MP: 2/2
  1187 | D:2      | Reached XP level 3. HP: 22/33 MP: 3/3
  1452 | D:2      | Found a hazy altar of Hepliaklqana.
  1610 | D:3      | Gained mutation: Your natural rate of healing is unusually
                  | fast. [potion of mutation]
  1610 | D:3      | Gained mutation: Scrolls take you a little longer to read.
                  | [potion of mutation]
  1610 | D:3      | Gained mutation: You possess an exceptional clarity of
                  | mind. [potion of mutation]
  1610 | D:3      | Gained mutation: You are agile. (Dex +2) [potion of
                  | mutation]
  1780 | D:3      | Reached XP level 4. HP: 33/41 MP: 4/4
  1935 | D:3      | Reached skill level 5 in Axes
  2132 | D:3      | Noticed Jessica
  2148 | D:3      | Killed Jessica
  2306 | D:4      | Reached XP level 5. HP: 16/47 MP: 5/5
  2521 | D:4      | Found a staircase to the Ecumenical Temple.
  2557 | D:4      | Reached skill level 6 in Axes
  2634 | Temple   | Entered the Ecumenical Temple
  2718 | D:4      | Noticed an ogre
  2734 | D:4      | Killed an ogre
  2734 | D:4      | Reached XP level 6. HP: 17/55 MP: 6/6
  2740 | D:4      | Reached skill level 1 in Armour
  3257 | D:4      | Reached skill level 5 in Fighting
  3294 | D:4      | Reached skill level 7 in Axes
  3373 | D:4      | Got a translucent platinum amulet
  3375 | D:4      | Identified the amulet "Suiciokh" {Gourm Dex+4} (You found
                  | it on level 4 of the Dungeon)
  3520 | D:5      | Entered Level 5 of the Dungeon
  3531 | D:5      | Noticed Edmund
  3538 | D:5      | Noticed an ice beast
  3551 | D:5      | Found a white marble altar of Elyvilon.
  3652 | D:4      | Reached XP level 7. HP: 61/61 MP: 7/7
  3775 | D:5      | Killed Edmund
  4010 | D:5      | Became a worshipper of Beogh the Brigand
  4010 | D:5      | Reached * piety under Beogh
  4010 | D:5      | Reached ** piety under Beogh
  4024 | D:5      | Reached skill level 8 in Axes
  4091 | D:5      | Reached XP level 8. HP: 43/69 MP: 8/8
  4276 | D:6      | Noticed Sigmund
  4311 | D:6      | Killed Sigmund
  4311 | D:6      | Reached skill level 9 in Axes
  4311 | D:6      | Reached skill level 5 in Armour
  4476 | D:6      | Found a runed door.
  4480 | D:6      | Noticed Crazy Yiuf
  4529 | D:6      | Killed Crazy Yiuf
  4767 | D:6      | Noticed Pikel
  4815 | D:6      | Killed Pikel
  4815 | D:6      | Reached skill level 10 in Axes
  4815 | D:6      | Reached XP level 9. HP: 39/78 MP: 9/9
  5020 | D:6      | Found a shadowy altar of Dithmenos.
  5166 | D:7      | Reached *** piety under Beogh
  5198 | D:7      | Noticed a hornet
  5209 | D:7      | Killed a hornet
  5209 | D:7      | Reached skill level 1 in Bows
  5379 | D:7      | Reached skill level 11 in Axes
  5387 | D:7      | Reached XP level 10. HP: 81/88 MP: 10/10
  6446 | D:9      | Reached skill level 12 in Axes
  6505 | D:9      | Found a runed door.
  6506 | D:9      | Noticed a sixfirhy
  6625 | D:9      | Killed a sixfirhy
  6755 | D:9      | Reached skill level 5 in Dodging
  6776 | D:9      | Reached **** piety under Beogh
  6878 | D:9      | Noticed Maurice
  6893 | D:9      | Killed Maurice
  7198 | D:10     | Entered Level 10 of the Dungeon
  7203 | D:10     | Found Povvuiwke's Antique Armour Shop.
  7233 | D:10     | Bought an agate-encrusted leather armour for 203 gold
                  | pieces
  7243 | D:10     | Identified the cursed +1 leather armour of Veuphep {+Fly
                  | rElec Int+3 Stlth+} (You bought it in a shop on level 10 of
                  | the Dungeon)
  7298 | D:10     | Reached skill level 1 in Invocations
  7300 | D:10     | Reached skill level 13 in Axes
  7418 | D:10     | Reached XP level 11. HP: 78/97 MP: 11/11
  7568 | D:10     | Noticed Fannar
  7580 | D:10     | Killed Fannar
  8031 | D:11     | Noticed a manticore
  8048 | D:11     | Killed a manticore
  8143 | D:11     | Found a staircase to the Lair.
  8156 | D:11     | Gained Wargrak as an ally
  8181 | D:11     | Reached ***** piety under Beogh
  8245 | D:11     | Noticed a red ugly thing
  8253 | D:11     | Killed a red ugly thing
  8326 | D:11     | Found a frozen archway.
  8353 | IceCv    | Entered an ice cave
  8414 | D:11     | Noticed Harold
  8433 | D:11     | Killed Harold
  8607 | D:11     | Noticed a purple ugly thing
  8612 | D:11     | Reached skill level 10 in Fighting
  8622 | D:11     | Killed a purple ugly thing
  8622 | D:11     | Reached skill level 14 in Axes
  8640 | D:11     | Found a basalt altar of Yredelemnul.
  8677 | D:11     | Reached skill level 1 in Evocations
  8758 | D:11     | Noticed a red ugly thing
  8775 | D:11     | Killed a red ugly thing
  8856 | D:11     | Found a staircase to the Orcish Mines.
  8873 | Orc:1    | Entered Level 1 of the Orcish Mines
  8888 | Orc:1    | Noticed an orc knight
  8894 | Orc:1    | Noticed an orc sorcerer
  8911 | Orc:1    | Killed an orc sorcerer
  9065 | Orc:2    | Entered Level 2 of the Orcish Mines
  9066 | Orc:2    | Noticed an orc knight
  9075 | Orc:2    | Gained Gorm as an ally
  9084 | Orc:2    | Killed an orc knight
  9084 | Orc:2    | Reached skill level 5 in Stealth
  9244 | Orc:2    | Noticed a stone giant
  9262 | Orc:2    | Killed a stone giant
  9262 | Orc:2    | Reached XP level 12. HP: 36/110 MP: 3/13
  9273 | Orc:2    | Found a staircase to the Elven Halls.
  9650 | Orc:2    | Noticed an orc high priest
  9653 | Orc:2    | Noticed an orc warlord
  9657 | Orc:2    | Noticed an orc high priest
  9658 | Orc:2    | Noticed an orc high priest
  9663 | Orc:2    | Killed an orc high priest
  9667 | Orc:2    | Your ally Gorm died
  9667 | Orc:2    | Gained Orbeogh as an ally
  9669 | Orc:2    | Gained Bogrim as an ally
  9672 | Orc:2    | Mangled by an orc warlord

Skill      XL: |  1  2  3  4  5  6  7  8  9 10 11 |
---------------+----------------------------------+-----
Fighting       | 4 5 6 7 9 11 | 11.1
Dodging        | 3 4 5 6 |  6.2
Axes           | 5 6 7 8 10 11 13 14 | 14.5
Stealth        | 2 3 5 |  5.4
Armour         | 2 4 6 7 9 |  9.5
Bows           | 1 |  1.5
Invocations    | 1 2 |  2.4
Evocations     | 1 |  1.7
Throwing       | |  0.6

Action                   |  1- 3 |  4- 6 |  7- 9 | 10-12 || total
-------------------------+-------+-------+-------+-------++-------
Melee: Hand axe          |   133 |   182 |   317 |   441 ||  1073
 Fire: Shortbow          |       |       |     7 |       ||     7
Throw: Tomahawk          |       |     1 |     4 |       ||     5
Invok: Convert to Beogh  |       |       |     1 |       ||     1
       Recall Orcish Fol |       |       |       |     5 ||     5
       Smiting           |       |       |       |     5 ||     5
 Abil: Evoke Berserk Rag |     1 |       |       |       ||     1
Evoke: Wand              |       |       |     1 |     9 ||    10
  Use: Potion            |     1 |     2 |     3 |     7 ||    13
       Scroll            |       |     8 |    10 |     9 ||    27
 Stab: Sleeping          |     1 |     1 |       |     8 ||    10
       Distracted        |       |       |       |     7 ||     7
       Confused          |       |       |       |     2 ||     2
       Invisible         |       |       |       |     2 ||     2
  Eat: Chunk             |     4 |     4 |    11 |    16 ||    35
       Ration            |       |     1 |       |       ||     1
Armor: Robe              |    28 |    22 |       |       ||    50
       Scale mail        |       |    27 |   135 |    57 ||   219
       Leather armour    |       |       |       |    78 ||    78
Dodge: Dodged            |    85 |   114 |   174 |   263 ||   636
